 Dungeon Crawl Stone Soup version 0.16.0-12-g7215832 (webtiles) character file.

279 HungoverVic the Conjurer (level 6, 0/41 HPs)
             Began as a Mummy Wizard on Mar 18, 2015.
             Slain by an adder (1 damage)
             ... on level 3 of the Dungeon.
             The game lasted 00:21:19 (5021 turns).

HungoverVic the Conjurer (Mummy Wizard)             Turns: 5021, Time: 00:21:20

Health: 0/41       AC:  2    Str: 10    XL:     6   Next: 5%
Magic:  2/12       EV: 12    Int: 19    God:
Gold:   274        SH:  0    Dex: 10    Spells: 2 memorised, 7 levels left

rFire  x . .     SeeInvis .     f - +0 short sword
rCold  + . .     Clarity  .     a - +0 robe
rNeg   + + +     SustAb   .     (no shield)
rPois  ∞         Gourm    .     b - +0 hat
rElec  .         Spirit   .     (no cloak)
rCorr  .         Warding  .     (no gloves)
rMut   .         Stasis   .     (no boots)
MR     .....                    (no amulet)
Stlth  ++........               (no ring)
                                (no ring)

@: very slightly contaminated, not resistant to hostile enchantments, unstealthy
A: no food or potions, fire vulnerability, restore body, cold resistance 1,
negative energy resistance 3, poison resistance, torment resistance, unbreathing
a: no special abilities


You were on level 3 of the Dungeon.
You were not hungry.

You visited 1 branch of the dungeon, and saw 3 of its levels.

You collected 274 gold pieces.

Inventory:

Hand weapons
 f - a +0 short sword (weapon)
 m - a +0 trident
Armour
 a - a +0 robe (worn)
 b - a +0 hat (worn)
 d - a +0 cloak
Jewellery
 e - an uncursed amulet of warding {unknown}
 h - an uncursed ring of flight {unknown}
 j - an uncursed amulet of rage {unknown}
 k - an uncursed ring of wizardry {unknown}
Magical devices
 p - a wand of polymorph (9)
Scrolls
 g - a scroll of random uselessness {unknown}
 i - 8 scrolls of identify {unknown}
 l - a scroll of recharging {unknown}
 n - a scroll of immolation {unknown}
 o - a scroll of magic mapping {unknown}
 q - a scroll of amnesia {unknown}
 r - 2 scrolls of teleportation {unknown}
Books
 c - a book of Minor Magic

   Spells                             Type                      Level
   a - Magic Dart                     Conjuration                  1
   b - Blink                          Translocation                2
   c - Call Imp                       Summoning                    2
   d - Repel Missiles                 Charms/Air                   2
   e - Slow                           Hexes                        2
   f - Conjure Flame                  Conjuration/Fire             3
   g - Mephitic Cloud                 Conjuration/Poison/Air       3


   Skills:
 - Level 1.5 Dodging
 - Level 2.0 Stealth
 - Level 3.0 Spellcasting
 - Level 3.5 Conjurations
   Level 0.7 Summonings
   Level 0.7 Translocations
 + Level 2.7 Air Magic
 - Level 1.0 Poison Magic


You had 7 spell levels left.
You knew the following spells:

 Your Spells              Type           Power        Failure   Level  Hunger
a - Magic Dart            Conj           ###.         4%          1    N/A
c - Mephitic Cloud        Conj/Pois/Air  ##......     17%         3    N/A

Dungeon Overview and Level Annotations

Branches:
Dungeon (3/15)

Altars:


Innate Abilities, Weirdness & Mutations

You do not eat or drink.
Your flesh is vulnerable to fire.
Your flesh is cold resistant.
You are immune to negative energy.
Your system is resistant to poisons.
You are immune to unholy pain and torment.
You can survive without breathing.


Message History

You hit the adder.
The adder is moderately wounded.
The adder closely misses you.
You hit the adder.
The adder is heavily wounded.
The adder closely misses you. The adder bites you.
* * * LOW HITPOINT WARNING * * *
You closely miss the adder.
The adder is heavily wounded.
The adder bites you.
* * * LOW HITPOINT WARNING * * *
Casting: Mephitic Cloud
Confirm with . or Enter, or press ? or * to list all spells.
Aiming: Magic Dart
Press: ? - help, Shift-Dir - straight line, f - adder
Aim: an adder (heavily wounded)
The magic dart hits the adder.
The adder is heavily wounded.
The adder bites you.
You die...

# ################# ...
#....#...).)(#... ....
#....#(...())(...
.....#########....#########...
?.......)(.))#......#..........
.......).(()(S(.(...'..........
.......(....(#@.....#..........
.....#########....#########...
.... #....#.......'.(. ...
#....#.......#...
##################''#############
≈≈≈≈≈≈≈≈≈≈≈≈≈≈≈≈≈(....≈≈≈≈≈≈≈≈≈≈≈
≈≈≈≈≈≈≈≈≈≈≈≈≈≈≈≈≈.....≈≈≈≈≈≈≈≈≈≈≈
≈≈≈≈≈≈≈≈≈≈≈≈≈≈≈≈≈(....≈(≈≈≈≈≈≈≈≈≈
.≈≈≈≈.≈..≈.≈≈≈..≈(.(.≈..≈≈≈≈.≈...


You could see an adder.

Vanquished Creatures
  A big kobold (D:3)
  A worker ant (D:3)
  A gnoll (D:3)
  5 adders
  2 worms
  An ooze (D:2)
  6 orcs
  A giant cockroach (D:2)
  9 goblins
  14 hobgoblins
  8 jackals
  A ball python (D:1)
  15 bats
  3 giant newts
  42 kobolds
  8 rats
118 creatures vanquished.

Notes
Turn   | Place    | Note
--------------------------------------------------------------
     0 | D:1      | HungoverVic, the Mummy Wizard, began the quest for the Orb.
     0 | D:1      | Reached XP level 1. HP: 13/13 MP: 4/4
     5 | D:1      | Reached skill level 1 in Conjurations
   746 | D:1      | Reached XP level 2. HP: 19/19 MP: 4/6
  1155 | D:2      | Reached XP level 3. HP: 7/24 MP: 7/7
  2028 | D:2      | Learned a level 3 spell: Mephitic Cloud
  2550 | D:2      | Reached XP level 4. HP: 28/30 MP: 5/9
  3775 | D:3      | Reached skill level 1 in Poison Magic
  3866 | D:3      | Reached XP level 5. HP: 35/35 MP: 9/11
  4159 | D:3      | Reached skill level 1 in Air Magic
  4939 | D:3      | Noticed a big kobold
  4954 | D:3      | Killed a big kobold
  4954 | D:3      | Reached XP level 6. HP: 35/41 MP: 3/12
  5020 | D:3      | HP: 1/41 [adder (4)]
  5021 | D:3      | Slain by an adder

Action                   |  1- 3 |  4- 6 || total
-------------------------+-------+-------++-------
Melee: Unarmed           |     7 |       ||     7
       Short sword       |    75 |   137 ||   212
 Cast: Magic Dart        |    65 |    33 ||    98
       Mephitic Cloud    |     2 |    16 ||    18
 Stab: Confused          |     2 |     5 ||     7
       Distracted        |       |     1 ||     1
       Sleeping          |       |     1 ||     1
